 Dungeon Crawl Stone Soup version 0.27-a0-1202-ge72e49191c (webtiles) character file.

Game seed: 6846868415758528715

126 Ge0ff the Caller (level 4, -2/25 HPs)
             Began as a Deep Elf Summoner on June 4, 2021.
             Killed from afar by Ijyb (15 damage)
             ... with an iceblast
             ... on level 5 of the Dungeon.
             The game lasted 00:09:52 (4625 turns).

Ge0ff the Caller (Deep Elf Summoner)                Turns: 4625, Time: 00:09:52

Health: -2/25      AC:  3    Str:  5    XL:     4   Next: 83%
Magic:  10/12      EV: 13    Int: 21    God:
Gold:   83         SH:  0    Dex: 15    Spells: 5/11 levels left

rFire    . . .     SeeInvis .   a - +1 quarterstaff (speed)
rCold    . . .     Faith    .   (shield currently unavailable)
rNeg     . . .     Spirit   .   d - +0 robe
rPois    .         Reflect  .   (no helmet)
rElec    .         Harm     .   (no cloak)
rCorr    .         Rampage  .   v - +0 pair of gloves
Will     .....                  (no boots)
Stlth    ++........             (no amulet)
HPRegen  0.08/turn              w - +4 ring of slaying
MPRegen  0.13/turn              (no ring)

@: no status effects
A: no striking features
a: no special abilities


You were on level 5 of the Dungeon.
You visited 1 branch of the dungeon, and saw 5 of its levels.

You collected 83 gold pieces.

Inventory:

Hand Weapons
 a - a +1 quarterstaff of speed (weapon)
 b - a +1 dagger of venom
 C - a +0 dagger
Missiles
 g - 77 stones
 D - 7 poisoned darts (quivered)
Armour
 d - a +0 robe (worn)
 t - a +0 leather armour
 v - a +0 pair of gloves (worn)
Magical Staves
 k - a staff of conjuration
Jewellery
 w - a +4 ring of slaying (left hand)
Wands
 s - a wand of mindburst (14)
Scrolls
 f - a scroll of fear {unknown}
 j - a scroll of magic mapping {unknown}
 l - a scroll of fog {unknown}
 u - a scroll of noise {unknown}
 x - a scroll of enchant weapon {unknown}
 B - 2 scrolls of blinking
Potions
 m - a potion of resistance {unknown}
 q - 2 potions of curing
 r - a potion of degeneration {unknown}
 z - 2 potions of brilliance


   Skills:
 - Level 1.0 Fighting
 + Level 0.6 Armour
 + Level 2.8 Dodging
 - Level 2.4 Stealth
 + Level 4.1 Spellcasting
 * Level 5.6 Summonings
 + Level 1.1 Evocations


You had 5 spell levels left.
You knew the following spells:

 Your Spells              Type           Power      Damage    Failure   Level
a - Summon Small Mammal   Summ           100%       N/A       1%          1
d - Call Canine Familiar  Summ           28%        N/A       3%          3
s - Call Imp              Summ           28%        N/A       1%          2

Your spell library contained the following spells:

 Spells                   Type           Power      Damage    Failure   Level
 Summon Guardian Golem    Hex/Summ       16%        N/A       11%         3
 Summon Ice Beast         Ice/Summ       16%        N/A       36%         4
 Summon Lightning Spire   Summ/Air       16%        N/A       36%         4


Dungeon Overview and Level Annotations

Branches:
Dungeon (5/15)             Temple (0/1) D:4

Altars:
Hepliaklqana

Shops:
D:3 (

Annotations:
D:5 Ijyb


Message History

Casting: Call Canine Familiar (quite dangerous; 3% risk of failure)
Confirm with . or Enter, or press ? or * to list all spells.
The spell is quite dangerous to cast (3% risk of failure)!
Continue anyway?
Your hound disappears in a puff of smoke!
You throw a poisoned dart.
The poisoned dart completely misses the jelly.
The jelly quivers.
Your hound bites the jelly.
The acid corrodes your hound!
Your hound is burned by acid!
Your hound bites the jelly.
Your hound is burned by acid!
Your hound bites the jelly.
Your hound is burned by acid!
Your hound bites the jelly.
Your hound seems to be corroded for longer.
Your hound is burned by acid!
Your hound bites the jelly.
The jelly dies!
Found a gold piece.
You swap places.
D - 7 poisoned darts (gained 1)
You now have 83 gold pieces (gained 1).
Your hound is no longer covered in acid.
Ijyb the Twisted Goblin comes into view.
She is wielding a +0 club and carrying a wand of iceblast (6).
Ijyb shouts!
You swap places.
What are your orders? t - Shout!
Orders for allies: a - Attack new target. r - Retreat! s - Stop attacking. g - Guard the area. f - Follow me.
Anything else - Cancel.
Gang up on whom?
Press: ? - help, Dir - move target, f - Ijyb
Aim: Ijyb, wielding a +0 club, wearing a +0 ring mail and carrying a wand of iceblast (6) Attack!
Ijyb grins evilly.
Ijyb zaps a wand.
The mass of ice explodes!
The iceblast engulfs your hound!
Your hound dies!
Your hound's corpse disappears in a puff of smoke!
The iceblast engulfs you!
You hear a shout! x5
Casting: Call Canine Familiar (quite dangerous; 3% risk of failure)
Confirm with . or Enter, or press ? or * to list all spells.
A beastly little devil appears in a puff of frigid air.
Ijyb zaps a wand.
The mass of ice explodes!
The iceblast engulfs you!
Ouch! That really hurt!
You die...

#......##..........
#......##..........
#......#..........
#......#......#
+......+..g...#
#....##.##.g#
#....##.# ..#
#......ยง# ....
#......@# .....
#......5# .......
#.......# ...##..
#.......##...# ..
#...........
#...........
#.......####+
#......#.......##...
#...><.#............


You could see Ijyb (ally target) and a friendly white imp (summoned).

Vanquished Creatures
  A dart slug (D:1)
  An orc (D:4)
  A ball python (D:3)
  An endoplasm (D:2)
  A giant cockroach (D:3)
  A goblin (D:3)
  3 bats
  2 kobolds
  4 rats
15 creatures vanquished.

Vanquished Creatures (collateral kills)
  A water moccasin skeleton (D:4)
  A jelly (D:5)
  A hound (D:5)
  A gnoll (D:1)
  2 adders (D:2)
  3 worms
  A dart slug (D:2)
  3 orcs
  An endoplasm (D:2)
  A giant cockroach (D:2)
  3 goblins
  8 hobgoblins
  3 kobolds
  2 quokkas
  A ball python (D:1)
  3 bats
  A frilled lizard (D:2)
36 creatures vanquished.

Grand Total: 51 creatures vanquished

Notes
Turn   | Place    | Note
-------+----------+-------------------------------------------
     0 | D:1      | Ge0ff the Deep Elf Summoner began the quest for the Orb.
     0 | D:1      | Reached XP level 1. HP: 10/10 MP: 6/6
   419 | D:1      | Reached skill level 1 in Fighting
   781 | D:1      | Reached XP level 2. HP: 16/16 MP: 2/8
   788 | D:1      | Learned a level 2 spell: Call Imp
  1944 | D:2      | Found a faded altar of an unknown god.
  2035 | D:2      | Reached skill level 5 in Summonings
  2035 | D:2      | Reached XP level 3. HP: 20/20 MP: 10/10
  2039 | D:2      | Learned a level 3 spell: Call Canine Familiar
  3075 | D:3      | Found a hazy altar of Hepliaklqana.
  3224 | D:3      | Found Bougos's Weapon Boutique.
  3973 | D:4      | Reached XP level 4. HP: 12/25 MP: 3/12
  4441 | D:4      | Found a staircase to the Ecumenical Temple.
  4457 | D:5      | Entered Level 5 of the Dungeon
  4560 | D:5      | Reached skill level 1 in Evocations
  4618 | D:5      | Noticed Ijyb
  4625 | D:5      | Killed from afar by Ijyb

Illustrated notes

Levels and vault maps discovered:
D:1:      minmay_arrival_diagonal_passages, layout_basic
D:2:      layout_loops_corners, ebering_ecumenical_altar_webs, fountainhead,
          chequers_hall_statues_y
D:3:      layout_basic, lemuel_tele_altar, serial_shops, shop
D:4:      layout_cave_pools, general_overflow_altar,
          minmay_temple_entry_mini_moons, serial_shops, shop_coins
D:5:      layout_gridville, grunt_temple_overflow_order_and_chaos_2,
          kennysheep_decorative_pillar, dk_noncrumbling_2,
          kennysheep_crisscross, uniq_grinder, uniq_ijyb

Skill      XL: |  1  2  3  4 |
---------------+-------------+-----
Fighting       | 1 |  1.0
Summonings     | 5 |  5.6
Spellcasting   | 4 |  4.1
Evocations     | 1 |  1.1
Armour         | |  0.6
Dodging        | |  2.8
Stealth        | |  2.4

Action                   |  1- 3 |  4- 6 || total
-------------------------+-------+-------++-------
Melee: Dagger            |    24 |       ||    24
       Unarmed           |     3 |       ||     3
       Quarterstaff      |    13 |     2 ||    15
Throw: Dart              |    18 |     3 ||    21
 Cast: Summon Small Mamm |    29 |       ||    29
       Call Imp          |    34 |     4 ||    38
       Call Canine Famil |     1 |     4 ||     5
  Use: Potion            |     1 |     1 ||     2
       Scroll            |     2 |       ||     2
 Stab: Distracted        |     1 |       ||     1
       Sleeping          |     2 |       ||     2
Armor: Robe              |    11 |     1 ||    12
Dodge: Dodged            |    32 |     2 ||    34

Table legend: (Time is in decaauts)
 A = Elapsed time spent in this place.
 B = Non-inter-level travel time spent in this place.
 C = Inter-level travel time spent in this place.
 D = Time resting spent in this place.
 E = Time spent auto-exploring this place.
 F = Levels seen in this place.
 G = Mean time per level.
                   A        B        C        D        E       F      G
               +--------+--------+--------+--------+--------+-----+--------+
         Total |   4624 |   4428 |    196 |    309 |   3392 |   5 |  924.8 |
       Dungeon |   4624 |   4428 |    196 |    309 |   3392 |   5 |  924.8 |
               +--------+--------+--------+--------+--------+-----+--------+

Top non-repeatable levels by time:
     D:2: 1526 daAuts
     D:3: 1506 daAuts
     D:1: 1378 daAuts
     D:5: 167 daAuts
     D:4: 44 daAuts
